 Dungeon Crawl Stone Soup version 0.31-a0-161-gb58dd9be76 (webtiles) character file.

Game seed: 14438269692303749689

37 Moral the Cutter (level 3, -4/33 HPs)
             Began as a Kobold Gladiator on June 13, 2023.
             Slain by a goblin
             ... wielding a +0 club
             ... led by Robin
              (5 damage)
             ... on level 2 of the Dungeon.
             The game lasted 00:05:59 (463 turns).

Moral the Cutter (Kobold Gladiator)                  Turns: 463, Time: 00:06:01

Health: -4/33      AC: 21    Str: 11    XL:     3   Next: 62%
Magic:  3/3        EV:  3    Int:  9    God:
Gold:   51         SH:  0    Dex: 18    Spells: 2/2 levels left

rFire   . . .        e - +0 dagger (drain)
rCold   . . .        (no shield)
rNeg    . . .        b - melded +0 leather armour
rPois   +            c - melded +0 helmet
rElec   .            (cloak currently unavailable)
rCorr   .            (gloves currently unavailable)
SInv    .            (boots currently unavailable)
Will    .....        (no amulet)
Stlth   +++          (no ring)
HPRegen 0.25/turn    (no ring)
MPRegen 0.08/turn

%: no passive effects
@: tree-form
A: stationary, stasis, torment immunity, boosted hp, small, no large weapons,
nightstalker 3
a: no special abilities


You were on level 2 of the Dungeon.
You were a tree.
You visited 1 branch of the dungeon, and saw 2 of its levels.

You collected 51 gold pieces.

Inventory:

Hand Weapons
 e - a +0 dagger of draining (weapon)
Armour
 b - a +0 leather armour (melded)
 c - a +0 helmet (melded)
Scrolls
 g - 4 scrolls of identify {unknown}


   Skills:
 * Level 2.8 Fighting
 * Level 4.5 Short Blades
 - Level 2.1 Throwing
 + Level 4.0 Dodging
 * Level 2.1 Stealth


You had 2 spell levels left.
You didn't know any spells.
Your spell library contained the following spells:

 Spells                   Type           Power      Damage    Failure   Level
 Dazzling Flash           Conj/Hex       0%         N/A       77%         3
 Volatile Blastmotes      Fire/Tloc      0%         2d10      77%         3
 Iskenderun's Mystic Bla  Conj/Tloc      0%         2d3       99%         4
 Starburst                Conj/Fire      0%         6d3       100%        6


Dungeon Overview and Level Annotations

Branches:
Dungeon (2/15)

Altars:

Annotations:
D:2 Robin


Innate Abilities, Weirdness & Mutations

You are a tree.
Your roots penetrate the ground, keeping you stationary.
You cannot be teleported.
You are immune to unholy pain and torment.
Your maximum health is greatly increased.
Your equipment is partially melded.
You are small and have problems with some larger weapons.
You are completely attuned to the shadows.


Message History

You hit Robin.
Robin is moderately wounded.
The goblin hits you with a +0 club.
* * * LOW HITPOINT WARNING * * *
The goblin hits you with a +0 dagger.
* * * LOW HITPOINT WARNING * * *
The goblin hits you with a +0 dagger.
* * * LOW HITPOINT WARNING * * *
Robin throws the goblin at you! The goblin barely misses you.
As you read the scroll labelled IKINU FIN YMA, it crumbles to dust.
You feel strangely unstable.
It was a scroll of teleportation.
The goblin completely misses you. The hobgoblin closely misses you.
The goblin misses you. The goblin barely misses you. x2
Robin barely misses you.
As you read the scroll labelled BOTOVI QAEHE, it crumbles to dust.
You hear a loud clanging noise!
It was a scroll of noise.
You hear a shout!
You hear an angry hiss.
You hear a shout!
The goblin barely misses you. The hobgoblin completely misses you.
The goblin misses you. The goblin closely misses you.
The goblin completely misses you.
You hit the hobgoblin but do no damage. You drain the hobgoblin.
The hobgoblin is severely wounded.
The goblin barely misses you. The goblin closely misses you.
The hobgoblin closely misses you. The goblin misses you.
The goblin closely misses you.
It was a potion of lignification.
You turn into a tree.
Your +0 helmet melds into your body.
Your +0 leather armour melds into your body.
Your roots penetrate the ground.
You feel strangely stable. The goblin hits you but does no damage.
The goblin barely misses you. The hobgoblin hits you.
* * * LOW HITPOINT WARNING * * *
The goblin hits you but does no damage. x2; Robin hits you but does no damage.
It was a potion of magic.
Magic courses through your body.
The goblin no longer looks unusually strong.
The hobgoblin hits you but does no damage.
The goblin completely misses you.
The goblin hits you but does no damage. x2
The goblin hits you with a +0 club.
You die...

#...# ########.#
##...####.....##.#
[..............##.###
.....................
..............##..##
##..$####.....###.##
#...# ####### #.##


#ggg# #.## #)♣g# #.## #ggg# #.## #...# #.## ...## #.## ..... #.## #..[ #### # #
You could see Robin (very drained), a hobgoblin (strong, very drained) and 5
goblins.

Vanquished Creatures
  An adder (D:2)
  2 dart slugs (D:1)
  4 endoplasms (D:1)
  A giant cockroach (D:1)
  7 goblins
  3 hobgoblins
  A ball python (D:1)
  2 bats (D:1)
  A rat (D:1)
22 creatures vanquished.

Notes
Turn   | Place    | Note
-------+----------+-------------------------------------------
     0 | D:1      | Moral the Kobold Gladiator began the quest for the Orb.
     0 | D:1      | Reached XP level 1. HP: 12/12 MP: 1/1
   132 | D:1      | Reached skill level 1 in Stealth
   132 | D:1      | Reached XP level 2. HP: 18/18 MP: 2/2
   307 | D:1      | Reached XP level 3. HP: 22/22 MP: 3/3
   441 | D:2      | Identified the +1 helmet of Paedaoll {rC+ Str+2 Int+3
                  | Dex+2}
   441 | D:2      | Noticed Robin
   458 | D:2      | HP: 1/22 [goblin/+0 dagger[Robin] (2)]
   463 | D:2      | Slain by a goblin

Illustrated notes

Levels and vault maps discovered:
D:1:      dpeg_arrival_arbitrary_a, layout_rooms, chequers_arboretum,
          minmay_quantized
D:2:      layout_loops_cross, basic_altar, uniq_robin

Skill      XL: |  1  2  3 |
---------------+----------+-----
Stealth        | 1 2 |  2.1
Dodging        | 4 |  4.0
Fighting       | |  2.8
Short Blades   | |  4.5
Throwing       | |  2.1

Action                     || total
---------------------------++-------
  Melee: Dagger            ||    43
         Rapier            ||     2
         Punch             ||     2
    Use: Scroll            ||     2
         Potion            ||     2
   Stab: Sleeping          ||    11
 Armour: Leather armour    ||    11
         Skin              ||     7
  Dodge: Dodged            ||    60

Table legend: (Time is in decaauts)
 A = Elapsed time spent in this place.
 B = Non-inter-level travel time spent in this place.
 C = Inter-level travel time spent in this place.
 D = Time resting spent in this place.
 E = Time spent auto-exploring this place.
 F = Levels seen in this place.
 G = Mean time per level.
                   A        B        C        D        E       F      G
               +--------+--------+--------+--------+--------+-----+--------+
         Total |    453 |    453 |      0 |      0 |    319 |   2 |  226.5 |
       Dungeon |    453 |    453 |      0 |      0 |    319 |   2 |  226.5 |
               +--------+--------+--------+--------+--------+-----+--------+

Top non-repeatable levels by time:
     D:1: 302 daAuts
     D:2: 151 daAuts
